[ AOE2 MATCH · #505329716 ]
UnrankedTurks vs Mongols
Player's team · LOSS
Rival team · WIN
[ REPLAY ANALYSIS · EXTRACTED FROM THE RECORDED GAME ]
Feudal
19:22
Castle
31:31
Imperial
48:36
| APM avg | 64.9 |
| APM peak | 130 |
| eAPM avg | 47.3 |
| Villagers / military | 261 / 511 |
Focus
⚔️ 40.0% · 🌾 60.0%
Scout Cavalry ×331 · Cavalry Archer ×60 · Bombard Cannon ×38 · Camel Scout ×28 · Fishing Ship ×16 · Battering Ram ×10
Feudal
16:28
Castle
27:49
Imperial
51:45
| APM avg | 43.2 |
| APM peak | 131 |
| eAPM avg | 28.3 |
| Villagers / military | 174 / 478 |
Focus
⚔️ 49.0% · 🌾 51.0%
Scout Cavalry ×319 · Mangonel ×69 · Mangudai ×28 · Cavalry Archer ×21 · Battering Ram ×15 · Camel Scout ×7
Match map
Initial resources + every placement click. Lines = walls · curves = elevation contours. ◆ gold · ⬟ stone · ● berries · ✦ relic · ◌ wall gap
Your base· ✓ Closed at 31:31 · 58t walls · 1 gate(s)
MZTK | KaLiuM's base· ✓ Closed at 27:49 · 25t walls · no gate
Smoothed initial terrain · ◌ = detected wall gap · hover for details
Inputs per minute
— king00005 - - MZTK | KaLiuM
Build order — king00005
First 150 of 1149 actions detected
| 0:00 | Queue | Villager (Male) |
| 0:00 | Queue | Villager (Male) |
| 0:02 | Build | House |
| 0:02 | Build | House |
| 0:06 | Queue | Villager (Male) |
| 0:06 | Queue | Villager (Male) |
| 1:24 | Research | Loom |
| 1:32 | Queue | Villager (Male) |
| 1:33 | Queue | Villager (Male) |
| 1:59 | Queue | Villager (Male) |
| 1:59 | Queue | Villager (Male) |
| 2:12 | Queue | Villager (Male) |
| 2:13 | Queue | Villager (Male) |
| 3:03 | Queue | Villager (Male) |
| 3:03 | Queue | Villager (Male) |
| 3:28 | Build | Lumber Camp |
| 3:40 | Queue | Villager (Male) |
| 4:12 | Queue | Villager (Male) |
| 4:12 | Queue | Villager (Male) |
| 4:13 | Queue | Villager (Male) |
| 4:13 | Queue | Villager (Male) |
| 4:13 | Queue | Villager (Male) |
| 4:42 | Queue | Villager (Male) |
| 4:45 | Build | Palisade Wall |
| 5:36 | Build | House |
| 5:40 | Queue | Villager (Male) |
| 6:42 | Queue | Villager (Male) |
| 6:43 | Queue | Villager (Male) |
| 6:46 | Queue | Villager (Male) |
| 6:46 | Queue | Villager (Male) |
| 7:24 | Queue | Villager (Male) |
| 7:24 | Queue | Villager (Male) |
| 7:25 | Queue | Villager (Male) |
| 8:09 | Queue | Villager (Male) |
| 8:54 | Queue | Villager (Male) |
| 8:54 | Queue | Villager (Male) |
| 9:01 | Build | House |
| 9:10 | Queue | Villager (Male) |
| 9:11 | Queue | Villager (Male) |
| 9:12 | Queue | Villager (Male) |
| 9:16 | Queue | Villager (Male) |
| 9:17 | Queue | Villager (Male) |
| 9:28 | Queue | Villager (Male) |
| 9:45 | Queue | Villager (Male) |
| 9:52 | Build | Palisade Wall |
| 10:04 | Queue | Villager (Male) |
| 10:04 | Queue | Villager (Male) |
| 10:45 | Build | Palisade Wall |
| 10:50 | Build | Lumber Camp |
| 10:57 | Build | Palisade Wall |
| 11:05 | Build | Palisade Wall |
| 11:12 | Queue | Villager (Male) |
| 11:14 | Queue | Villager (Male) |
| 11:15 | Queue | Villager (Male) |
| 11:44 | Queue | Villager (Male) |
| 11:48 | Build | Mill |
| 12:03 | Queue | Villager (Male) |
| 12:35 | Build | House |
| 12:41 | Build | House |
| 12:44 | Build | House |
| 12:47 | Build | Palisade Wall |
| 12:58 | Queue | Villager (Male) |
| 13:10 | Queue | Villager (Male) |
| 13:18 | Build | Dock |
| 13:18 | Queue | Villager (Male) |
| 13:40 | Build | House |
| 13:41 | Build | House |
| 13:56 | Build | Palisade Wall |
| 14:00 | Build | Palisade Wall |
| 14:07 | Build | Palisade Wall |
| 14:10 | Build | Palisade Wall |
| 14:13 | Queue | Villager (Male) |
| 14:16 | Build | House |
| 14:21 | Queue | Fishing Ship |
| 14:57 | Queue | Villager (Male) |
| 15:02 | Build | Lumber Camp |
| 15:30 | Queue | Villager (Male) |
| 15:31 | Queue | Villager (Male) |
| 15:42 | Build | House |
| 15:43 | Build | House |
| 15:45 | Queue | Villager (Male) |
| 16:02 | Build | Palisade Wall |
| 16:24 | Build | Palisade Wall |
| 16:27 | Queue | Villager (Male) |
| 16:32 | Build | Lumber Camp |
| 16:36 | Queue | Fishing Ship |
| 17:12 | Research | Feudal Age |
| 17:17 | Queue | Fishing Ship |
| 17:25 | Build | Dock |
| 17:33 | Build | Lumber Camp |
| 17:48 | Build | Palisade Wall |
| 17:51 | Queue | Fishing Ship |
| 18:08 | Queue | Villager (Male) |
| 18:27 | Queue | Fishing Ship |
| 18:27 | Queue | Fishing Ship |
| 18:45 | Build | Mining Camp |
| 19:09 | Build | Barracks |
| 19:15 | Build | House |
| 19:19 | Build | Palisade Wall |
| 19:21 | Build | Palisade Wall |
| 19:22 | Age | Feudal Age |
| 19:24 | Build | Palisade Wall |
| 19:24 | Queue | Villager (Male) |
| 19:27 | Research | Double-Bit Axe |
| 19:27 | Research | Double-Bit Axe |
| 19:32 | Build | Fish Trap |
| 19:38 | Build | House |
| 19:39 | Build | House |
| 19:43 | Build | Palisade Wall |
| 19:49 | Build | House |
| 19:54 | Build | House |
| 20:26 | Build | Palisade Wall |
| 20:32 | Queue | Spearman |
| 20:32 | Queue | Spearman |
| 20:32 | Queue | Spearman |
| 20:33 | Queue | Militia |
| 20:38 | Build | Fish Trap |
| 20:40 | Build | Fish Trap |
| 20:44 | Queue | Spearman |
| 20:44 | Queue | Spearman |
| 20:47 | Build | Farm |
| 20:47 | Build | Farm |
| 21:02 | Queue | Villager (Male) |
| 21:05 | Queue | Demolition Raft |
| 21:05 | Queue | Demolition Raft |
| 21:15 | Build | Palisade Wall |
| 21:27 | Build | Palisade Gate |
| 21:29 | Build | Palisade Wall |
| 21:50 | Queue | Spearman |
| 21:51 | Queue | Villager (Male) |
| 21:57 | Queue | Villager (Male) |
| 22:03 | Queue | Fishing Ship |
| 22:03 | Queue | Fishing Ship |
| 22:03 | Queue | Fishing Ship |
| 22:11 | Queue | Villager (Male) |
| 22:33 | Build | Watch Tower |
| 22:38 | Queue | Villager (Male) |
| 22:42 | Build | Fish Trap |
| 22:44 | Build | Fish Trap |
| 22:45 | Build | Fish Trap |
| 22:51 | Build | Fish Trap |
| 22:53 | Build | Fish Trap |
| 23:04 | Build | House |
| 23:11 | Queue | Villager (Male) |
| 23:36 | Build | Fish Trap |
| 23:46 | Build | Farm |
| 23:46 | Build | Farm |
| 23:47 | Build | Farm |
| 23:50 | Build | Farm |
| 23:51 | Queue | Villager (Male) |
Build order — MZTK | KaLiuM
First 150 of 953 actions detected
| 0:00 | Queue | Villager (Male) |
| 0:04 | Build | House |
| 0:05 | Build | House |
| 0:09 | Research | Loom |
| 0:16 | Queue | Villager (Male) |
| 0:16 | Queue | Villager (Male) |
| 0:16 | Queue | Villager (Male) |
| 1:13 | Build | Palisade Wall |
| 2:04 | Queue | Villager (Male) |
| 2:05 | Queue | Villager (Male) |
| 2:16 | Build | Lumber Camp |
| 2:20 | Build | Palisade Wall |
| 2:37 | Queue | Villager (Male) |
| 2:37 | Queue | Villager (Male) |
| 3:02 | Queue | Villager (Male) |
| 3:02 | Queue | Villager (Male) |
| 3:32 | Queue | Villager (Male) |
| 3:32 | Queue | Villager (Male) |
| 3:52 | Queue | Villager (Male) |
| 3:52 | Queue | Villager (Male) |
| 4:04 | Build | House |
| 4:17 | Queue | Villager (Male) |
| 4:17 | Queue | Villager (Male) |
| 4:18 | Queue | Villager (Male) |
| 4:53 | Queue | Villager (Male) |
| 4:53 | Queue | Villager (Male) |
| 5:14 | Queue | Villager (Male) |
| 5:14 | Queue | Villager (Male) |
| 5:14 | Queue | Villager (Male) |
| 5:38 | Queue | Villager (Male) |
| 5:59 | Build | House |
| 6:55 | Queue | Villager (Male) |
| 7:13 | Queue | Villager (Male) |
| 7:23 | Queue | Villager (Male) |
| 7:34 | Build | Palisade Wall |
| 7:37 | Build | Palisade Wall |
| 7:39 | Build | Palisade Wall |
| 7:50 | Build | Palisade Wall |
| 8:08 | Queue | Villager (Male) |
| 8:30 | Build | Palisade Wall |
| 8:38 | Build | Palisade Wall |
| 8:46 | Queue | Villager (Male) |
| 8:51 | Build | Mill |
| 9:13 | Queue | Villager (Male) |
| 9:25 | Build | House |
| 9:29 | Build | Lumber Camp |
| 10:51 | Build | Palisade Wall |
| 10:53 | Build | Palisade Wall |
| 11:04 | Build | Palisade Wall |
| 11:15 | Queue | Villager (Male) |
| 11:15 | Queue | Villager (Male) |
| 11:50 | Queue | Villager (Male) |
| 12:15 | Queue | Villager (Male) |
| 12:17 | Queue | Villager (Male) |
| 12:29 | Build | Mill |
| 12:38 | Build | Palisade Wall |
| 13:28 | Build | Palisade Wall |
| 13:33 | Queue | Villager (Male) |
| 13:34 | Queue | Villager (Male) |
| 13:52 | Build | Palisade Wall |
| 14:02 | Build | House |
| 14:18 | Research | Feudal Age |
| 14:18 | Research | Feudal Age |
| 14:24 | Build | Palisade Wall |
| 14:25 | Build | Palisade Wall |
| 14:47 | Build | Mining Camp |
| 15:09 | Build | Palisade Wall |
| 15:18 | Build | Palisade Wall |
| 15:28 | Build | Barracks |
| 15:36 | Build | Palisade Wall |
| 16:22 | Build | House |
| 16:28 | Age | Feudal Age |
| 16:30 | Build | Stable |
| 16:33 | Research | Town Watch |
| 16:35 | Build | Farm |
| 16:37 | Build | Farm |
| 16:38 | Build | Farm |
| 16:39 | Build | Farm |
| 16:43 | Queue | Villager (Male) |
| 16:43 | Queue | Villager (Male) |
| 16:47 | Research | Double-Bit Axe |
| 17:15 | Research | Horse Collar |
| 17:27 | Queue | Scout Cavalry |
| 17:27 | Queue | Scout Cavalry |
| 17:27 | Queue | Scout Cavalry |
| 17:28 | Queue | Scout Cavalry |
| 17:31 | Build | House |
| 17:33 | Queue | Villager (Male) |
| 17:39 | Build | Watch Tower |
| 17:50 | Build | Farm |
| 18:02 | Queue | Scout Cavalry |
| 18:04 | Build | House |
| 18:12 | Build | Farm |
| 18:27 | Build | Farm |
| 18:30 | Build | Farm |
| 18:41 | Build | House |
| 19:15 | Queue | Scout Cavalry |
| 19:18 | Build | Archery Range |
| 19:22 | Queue | Villager (Male) |
| 20:06 | Research | Bloodlines |
| 20:06 | Research | Bloodlines |
| 20:37 | Queue | Archer |
| 20:37 | Queue | Archer |
| 20:38 | Queue | Scout Cavalry |
| 20:38 | Queue | Scout Cavalry |
| 20:40 | Build | House |
| 20:43 | Build | Farm |
| 20:43 | Build | Farm |
| 20:44 | Build | Farm |
| 20:45 | Build | Farm |
| 21:02 | Queue | Scout Cavalry |
| 21:22 | Queue | Archer |
| 21:24 | Build | House |
| 21:58 | Queue | Scout Cavalry |
| 22:13 | Queue | Villager (Male) |
| 22:13 | Queue | Villager (Male) |
| 22:15 | Build | Market |
| 22:17 | Build | Blacksmith |
| 22:27 | Queue | Archer |
| 22:29 | Build | Outpost |
| 22:58 | Build | Outpost |
| 23:17 | Queue | Villager (Male) |
| 23:17 | Queue | Villager (Male) |
| 23:21 | Build | Farm |
| 24:17 | Build | Archery Range |
| 25:09 | Research | Castle Age |
| 25:09 | Research | Castle Age |
| 25:48 | Research | Fletching |
| 26:08 | Build | Lumber Camp |
| 26:19 | Build | Mining Camp |
| 26:43 | Research | Padded Archer Armor |
| 26:50 | Research | Gold Mining |
| 27:49 | Age | Castle Age |
| 27:50 | Build | Siege Workshop |
| 27:51 | Queue | Cavalry Archer |
| 27:53 | Queue | Cavalry Archer |
| 27:55 | Queue | Villager (Male) |
| 27:56 | Queue | Villager (Male) |
| 28:03 | Build | Town Center |
| 28:09 | Research | Bow Saw |
| 28:22 | Queue | Villager (Male) |
| 28:36 | Queue | Mangonel |
| 28:37 | Queue | Mangonel |
| 28:48 | Build | Outpost |
| 28:57 | Queue | Cavalry Archer |
| 29:00 | Queue | Villager (Male) |
| 29:08 | Build | Farm |
| 29:59 | Queue | Cavalry Archer |
| 30:00 | Queue | Cavalry Archer |
| 30:16 | Queue | Cavalry Archer |
Match timeline
| 1:13 | MZTK | KaLiuM · wall_segment Palisade Wall x5 |
| 2:20 | MZTK | KaLiuM · wall_segment Palisade Wall x1 |
| 4:45 | king00005 · wall_segment Palisade Wall x1 |
| 7:34 | MZTK | KaLiuM · wall_segment Palisade Wall x1 |
| 7:37 | MZTK | KaLiuM · wall_segment Palisade Wall x2 |
| 7:39 | MZTK | KaLiuM · wall_segment Palisade Wall x1 |
| 7:50 | MZTK | KaLiuM · wall_segment Palisade Wall x3 |
| 8:30 | MZTK | KaLiuM · wall_segment Palisade Wall x1 |
| 8:38 | MZTK | KaLiuM · wall_segment Palisade Wall x1 |
| 9:52 | king00005 · wall_segment Palisade Wall x4 |
| 10:45 | king00005 · wall_segment Palisade Wall x1 |
| 10:51 | MZTK | KaLiuM · wall_segment Palisade Wall x1 |
| 10:53 | MZTK | KaLiuM · wall_segment Palisade Wall x1 |
| 10:57 | king00005 · wall_segment Palisade Wall x1 |
| 11:04 | MZTK | KaLiuM · wall_segment Palisade Wall x1 |
| 11:05 | king00005 · wall_segment Palisade Wall x1 |
| 12:38 | MZTK | KaLiuM · wall_segment Palisade Wall x1 |
| 12:47 | king00005 · wall_segment Palisade Wall x1 |
| 13:18 | king00005 · first_building Dock |
| 13:28 | MZTK | KaLiuM · wall_segment Palisade Wall x5 |
| 13:52 | MZTK | KaLiuM · wall_segment Palisade Wall x1 |
| 13:56 | king00005 · wall_segment Palisade Wall x1 |
| 14:00 | king00005 · wall_segment Palisade Wall x1 |
| 14:07 | king00005 · wall_segment Palisade Wall x1 |
| 14:10 | king00005 · wall_segment Palisade Wall x1 |
| 14:24 | MZTK | KaLiuM · wall_segment Palisade Wall x2 |
| 14:25 | MZTK | KaLiuM · wall_segment Palisade Wall x2 |
| 15:09 | MZTK | KaLiuM · wall_segment Palisade Wall x3 |
| 15:18 | MZTK | KaLiuM · wall_segment Palisade Wall x1 |
| 15:28 | MZTK | KaLiuM · first_building Barracks |
| 15:36 | MZTK | KaLiuM · wall_segment Palisade Wall x3 |
| 16:02 | king00005 · wall_segment Palisade Wall x6 |
| 16:24 | king00005 · wall_segment Palisade Wall x1 |
| 16:28 | MZTK | KaLiuM · age_up feudal |
| 16:30 | MZTK | KaLiuM · first_building Stable |
| 17:48 | king00005 · wall_segment Palisade Wall x8 |
| 19:09 | king00005 · first_building Barracks |
| 19:18 | MZTK | KaLiuM · first_building Archery Range |
| 19:19 | king00005 · wall_segment Palisade Wall x5 |
| 19:21 | king00005 · wall_segment Palisade Wall x4 |
| 19:22 | king00005 · age_up feudal |
| 19:24 | king00005 · wall_segment Palisade Wall x4 |
| 19:43 | king00005 · wall_segment Palisade Wall x1 |
| 20:26 | king00005 · wall_segment Palisade Wall x4 |
| 21:15 | king00005 · wall_segment Palisade Wall x1 |
| 21:29 | king00005 · wall_segment Palisade Wall x1 |
| 23:13 | MZTK | KaLiuM · first_market_sell 100 wood |
| 23:16 | MZTK | KaLiuM · first_market_buy 100 food |
| 25:47 | king00005 · wall_segment Palisade Wall x13 |
| 26:48 | king00005 · first_building Stable |
| 27:49 | MZTK | KaLiuM · age_up castle |
| 27:50 | MZTK | KaLiuM · first_building Siege Workshop |
| 30:59 | MZTK | KaLiuM · first_building Monastery |
| 31:31 | king00005 · age_up castle |
| 32:03 | king00005 · first_market_buy 100 food |
| 34:48 | king00005 · first_building Siege Workshop |
| 35:45 | king00005 · first_building Monastery |
| 39:50 | king00005 · first_market_sell 500 wood |
| 40:05 | MZTK | KaLiuM · wall_segment Stone Wall x5 |
| 40:53 | MZTK | KaLiuM · wall_segment Stone Wall x1 |
| 40:58 | MZTK | KaLiuM · wall_segment Stone Wall x6 |
| 41:36 | MZTK | KaLiuM · wall_segment Stone Wall x7 |
| 45:43 | MZTK | KaLiuM · wall_segment Stone Wall x7 |
| 46:38 | MZTK | KaLiuM · wall_segment Stone Wall x10 |
| 47:38 | MZTK | KaLiuM · first_building Castle |
| 47:41 | king00005 · first_building Archery Range |
| 47:50 | MZTK | KaLiuM · wall_segment Stone Wall x7 |
| 48:36 | king00005 · age_up imperial |
| 48:46 | king00005 · first_building Castle |
| 49:26 | MZTK | KaLiuM · wall_segment Stone Wall x6 |
| 51:45 | MZTK | KaLiuM · age_up imperial |
| 82:25 | king00005 · resign |
[ AI ANALYSIS · 1 CREDIT ]
What really happened in this match?
Wolo.gg analyzes every decision: build order, eco, micro, common mistakes by bracket. Personalized analysis on WhatsApp or Discord in 30 seconds.
Civ guide
Turks
Perfil
Jugador #3217183